 Dungeon Crawl Stone Soup version 0.30-a0-305-g026cb31310 (webtiles) character file.

Game seed: 5580821311143605228

423 greenreed the Vexing (level 6, 0/70 HPs)
             Began as a Gnoll Hexslinger on Oct 22, 2022.
             Succumbed to a water moccasin's poison
             ... on level 2 of the Dungeon.
             The game lasted 00:14:30 (4374 turns).

greenreed the Vexing (Gnoll Hexslinger)             Turns: 4374, Time: 00:14:30

Health: 0/70       AC: 23    Str: 10    XL:     6   Next: 95%
Magic:  10/11      EV:  2    Int: 12    God:
Gold:   301        SH:  0    Dex: 14    Spells: 11/12 levels left

rFire   . . .      SeeInvis .    a - +1 sling
rCold   . . .      Faith    .    (no shield)
rNeg    . . .      Spirit   .    (body armour currently unavailable)
rPois   +          Reflect  .    (helmet currently unavailable)
rElec   .          Harm     .    (cloak currently unavailable)
rCorr   .          Rampage  .    (gloves currently unavailable)
Will    .....      NoTele   +    (boots currently unavailable)
Stlth   ++........               (no amulet)
HPRegen 0.31/turn                (no ring)
MPRegen 0.12/turn                (no ring)

@: brilliant, lethally poisoned (0 -> -1), tree-form
A: stationary, stasis, torment immunity, boosted hp, (fangs 1), strong nose,
distributed training
a: no special abilities


You were on level 2 of the Dungeon.
You were a tree.
You visited 1 branch of the dungeon, and saw 4 of its levels.

You collected 301 gold pieces.

Inventory:

Hand Weapons
 a - a +1 sling (weapon)
Missiles
 i - 3 poisoned darts
Armour
 c - a +0 robe (melded)
Scrolls
 b - a scroll of poison
 d - a scroll of vulnerability {unknown}
 e - a scroll of enchant armour {unknown}
 f - 2 scrolls of teleportation {unknown}
 g - a scroll of acquirement {unknown}
 h - 4 scrolls of identify {unknown}
Potions
 j - a potion of brilliance


   Skills:
 + Level 3.4 Fighting
 + Level 2.2 Short Blades
 + Level 2.2 Long Blades
 + Level 2.2 Axes
 + Level 2.2 Maces & Flails
 + Level 2.2 Polearms
 + Level 2.2 Staves
 + Level 5.1 Ranged Weapons
 + Level 2.2 Throwing
 + Level 2.2 Armour
 + Level 5.1 Dodging
 + Level 2.2 Stealth
 + Level 2.2 Shields
 + Level 2.2 Unarmed Combat
 + Level 3.6 Spellcasting
 + Level 1.8 Conjurations
 + Level 5.7 Hexes
 + Level 1.8 Summonings
 + Level 1.8 Necromancy
 + Level 1.8 Translocations
 + Level 1.8 Transmutations
 + Level 1.8 Fire Magic
 + Level 1.8 Ice Magic
 + Level 1.8 Air Magic
 + Level 1.8 Earth Magic
 + Level 1.8 Poison Magic
 + Level 2.5 Invocations
 + Level 2.2 Evocations


You had 11 spell levels left.
You knew the following spells:

 Your Spells              Type           Power      Damage    Failure   Level
a - Slow                  Hex            96%        N/A       2%          1

Your spell library contained the following spells:

 Spells                   Type           Power      Damage    Failure   Level
 Inner Flame              Hex/Fire       17%        N/A       14%         3
 Portal Projectile        Hex/Tloc       34%        N/A       14%         3
 Cause Fear               Hex            12%        N/A       22%         4
 Chain Lightning          Conj/Air       4%         3d6       100%        9
 Fire Storm               Conj/Fire      4%         8d1       100%        9
 Shatter                  Erth           4%         3d8*      100%        9


Dungeon Overview and Level Annotations

Branches:
Dungeon (4/15)
 Temple: D:4-7

Altars:
Dithmenos
Elyvilon
Okawaru


Innate Abilities, Weirdness & Mutations

You are a tree.
Your roots penetrate the ground, keeping you stationary.
You cannot be teleported.
You are immune to unholy pain and torment.
Your maximum health is greatly increased.
Your equipment is partially melded.
((You have very sharp teeth.))
Your uncanny sense of smell can sniff out nearby items.
Your experience applies equally to all skills.


Message History

You are lethally poisoned!
The water moccasin poisons you!
Fire: a) +1 sling
Press: ? - help, Shift-Dir - straight line, f/p - water moccasin
Aim: a water moccasin (almost dead, slow, 42% to hit)
You shoot a sling bullet.
The sling bullet hits the water moccasin.
The water moccasin is almost dead.
* * * LOW HITPOINT WARNING * * *
You feel very sick.
Fire: a) +1 sling
Press: ? - help, Shift-Dir - straight line, f/p - water moccasin
Aim: a water moccasin (almost dead, slow, 42% to hit)
You shoot a sling bullet.
The sling bullet hits the water moccasin.
You kill the water moccasin!
* * * LOW HITPOINT WARNING * * *
You feel very sick.
Unknown command.
Unknown command.
It was a potion of brilliance.
You feel clever all of a sudden.
* * * LOW HITPOINT WARNING * * *
You feel sick.
It was a potion of lignification.
You turn into a tree.
Your +0 robe melds into your body.
Your roots penetrate the ground.
* * * LOW HITPOINT WARNING * * *
You feel sick.
You cannot move.
* * * LOW HITPOINT WARNING * * *
You feel sick.
* * * LOW HITPOINT WARNING * * *
You feel sick.
* * * LOW HITPOINT WARNING * * *
You feel sick.
* * * LOW HITPOINT WARNING * * *
You feel sick.
* * * LOW HITPOINT WARNING * * *
You feel sick.
You die...

.######.....[.####.....#.........
..............#####^..##.#######.
.....................###.# #.
#########..#########.# #.# #.
#.........# #.# #.# #.
##...#####.###.###.# #. ##....#
#.##...##.# #. ####.....#
#†##......#######. #........#
#♣÷............... #.##...#.#
#######...###..### #.###.##.###
#............ #.# #.##...#
#..........## #.# #.####.#
#.#..####..## #.# #.# #.#
#.#..##...... ##.###.#
#.########.#..##.#..## ##......#
#............)....#... ....#####
#..#.............###..


There were no monsters in sight!

Vanquished Creatures
  A water moccasin (D:2)
  A phantom (D:4)
  3 iguanas
  4 gnolls
  5 adders
  A white imp (D:3)
  2 worms
  A dart slug (D:1)
  5 orcs
  6 endoplasms
  A giant cockroach (D:2)
  8 goblins
  6 hobgoblins
  5 jackals
  5 kobolds
  4 ball pythons
  4 bats
  3 frilled lizards
  3 rats
68 creatures vanquished.

Vanquished Creatures (others)
  A fungus (D:1)
  5 plants (D:1)
6 creatures vanquished.

Grand Total: 74 creatures vanquished

Notes
Turn   | Place    | Note
-------+----------+-------------------------------------------
     0 | D:1      | greenreed the Gnoll Hexslinger began the quest for the Orb.
     0 | D:1      | Reached XP level 1. HP: 17/17 MP: 4/4
    40 | D:1      | Reached XP level 2. HP: 19/23 MP: 5/5
   338 | D:1      | Reached XP level 3. HP: 28/28 MP: 7/7
   363 | D:1      | Found a faded altar of an unknown god.
   759 | D:2      | Reached skill level 1 in Invocations
   933 | D:2      | Reached skill level 1 in Short Blades
   933 | D:2      | Reached skill level 1 in Long Blades
   933 | D:2      | Reached skill level 1 in Axes
   933 | D:2      | Reached skill level 1 in Maces & Flails
   933 | D:2      | Reached skill level 1 in Polearms
   933 | D:2      | Reached skill level 1 in Staves
   933 | D:2      | Reached skill level 1 in Throwing
   933 | D:2      | Reached skill level 1 in Armour
   933 | D:2      | Reached skill level 1 in Stealth
   933 | D:2      | Reached skill level 1 in Shields
   933 | D:2      | Reached skill level 1 in Unarmed Combat
   933 | D:2      | Reached skill level 1 in Evocations
   933 | D:2      | Reached XP level 4. HP: 14/34 MP: 5/8
  1076 | D:2      | Reached skill level 1 in Conjurations
  1076 | D:2      | Reached skill level 1 in Summonings
  1076 | D:2      | Reached skill level 1 in Necromancy
  1076 | D:2      | Reached skill level 1 in Translocations
  1076 | D:2      | Reached skill level 1 in Transmutations
  1076 | D:2      | Reached skill level 1 in Fire Magic
  1076 | D:2      | Reached skill level 1 in Ice Magic
  1076 | D:2      | Reached skill level 1 in Air Magic
  1076 | D:2      | Reached skill level 1 in Earth Magic
  1076 | D:2      | Reached skill level 1 in Poison Magic
  1487 | D:3      | Noticed a water moccasin
  1503 | D:2      | HP: 1/34 [poisoned by a water moccasin]
  1823 | D:3      | Found an iron altar of Okawaru.
  1901 | D:3      | Found a shadowy altar of Dithmenos.
  2131 | D:2      | Reached XP level 5. HP: 31/40 MP: 9/9
  2482 | D:3      | Found a white marble altar of Elyvilon.
  3735 | D:4      | Reached XP level 6. HP: 28/46 MP: 9/11
  3848 | D:4      | Reached skill level 5 in Ranged Weapons
  3848 | D:4      | Reached skill level 5 in Dodging
  4059 | D:4      | Noticed an ice beast
  4366 | D:2      | Killed a water moccasin
  4370 | D:2      | HP: 3/70 [poisoned by a water moccasin]
  4373 | D:2      | HP: 1/70 [poisoned by a water moccasin]
  4374 | D:2      | Succumbed to a water moccasin's poison

Illustrated notes

Levels and vault maps discovered:
D:1:      dpeg_arrival_pond, layout_rooms, serial_forest,
          infiniplex_forest_clump_cross, infiniplex_forest_straight_1,
          infiniplex_forest_end_1, infiniplex_forest_clump_tiny,
          infiniplex_forest_pool, shapermc_ecumenical_altar_mp_ritualfount
D:2:      layout_loops_ring
D:3:      layout_basic, kennysheep_ying_yang, nicolae_dithmenos_the_darkroom,
          amcnicky_altar_gilded
D:4:      layout_cave_pools, lemuel_coloured_pillars_altar,
          kennysheep_little_box

Skill      XL: |  1  2  3  4  5  6 |
---------------+-------------------+-----
Invocations    | 1 2 |  2.5
Short Blades   | 1 2 |  2.2
Long Blades    | 1 2 |  2.2
Axes           | 1 2 |  2.2
Maces & Flails | 1 2 |  2.2
Polearms       | 1 2 |  2.2
Staves         | 1 2 |  2.2
Throwing       | 1 2 |  2.2
Armour         | 1 2 |  2.2
Stealth        | 1 2 |  2.2
Shields        | 1 2 |  2.2
Unarmed Combat | 1 2 |  2.2
Spellcasting   | 3 |  3.6
Evocations     | 1 2 |  2.2
Conjurations   | 1 |  1.8
Summonings     | 1 |  1.8
Necromancy     | 1 |  1.8
Translocations | 1 |  1.8
Transmutations | 1 |  1.8
Fire Magic     | 1 |  1.8
Ice Magic      | 1 |  1.8
Air Magic      | 1 |  1.8
Earth Magic    | 1 |  1.8
Poison Magic   | 1 |  1.8
Fighting       | 3 |  3.4
Ranged Weapons | 5 |  5.1
Dodging        | 5 |  5.1
Hexes          | |  5.7

Action                   |  1- 3 |  4- 6 || total
-------------------------+-------+-------++-------
 Fire: Sling             |   114 |   280 ||   394
 Cast: Slow              |     4 |    81 ||    85
  Use: Potion            |       |     3 ||     3
Armor: Robe              |     5 |    17 ||    22
Dodge: Dodged            |    34 |   152 ||   186

Table legend: (Time is in decaauts)
 A = Elapsed time spent in this place.
 B = Non-inter-level travel time spent in this place.
 C = Inter-level travel time spent in this place.
 D = Time resting spent in this place.
 E = Time spent auto-exploring this place.
 F = Levels seen in this place.
 G = Mean time per level.
                   A        B        C        D        E       F      G
               +--------+--------+--------+--------+--------+-----+--------+
         Total |   4455 |   4225 |    230 |    643 |   2257 |   4 | 1113.8 |
       Dungeon |   4455 |   4225 |    230 |    643 |   2257 |   4 | 1113.8 |
               +--------+--------+--------+--------+--------+-----+--------+

Top non-repeatable levels by time:
     D:3: 1775 daAuts
     D:2: 1474 daAuts
     D:1: 765 daAuts
     D:4: 439 daAuts
